[Event "Titled Tuesday Blitz March 07 Late 2023"]
[White "Desideri, Ricardo Maruchi"]
[Black "Winkels, Marcel"]
[WhiteFideId "2110440"]
[BlackFideId "1003887"]
[WhiteElo "1945"]
[BlackElo "1900"]
[Result "1-0"]
[Round "08"]
[TimeControl "180+2"]
[Date "2023.03.07"]
[WhiteClock "0:01:11"]
[BlackClock "0:00:27"]

1. e4 d5 2. exd5 Nf6 3. Bb5+ c6 4. dxc6 Nxc6 5. Bxc6+ bxc6 6. Nc3 e5 7. d3 Bg4 8. Nf3 Bd6 9. O-O O-O 10. Re1 Re8 11. Bg5 h6 12. Bxf6 Qxf6 13. Ne4 Qd8 14. Nxd6 Qxd6 15. h3 Bh5 16. g4 Bg6 17. Qe2 e4 18. dxe4 Rxe4 19. Qd3 Qe6 20. Rxe4 Bxe4 21. Qe3 Qd5 22. c4 Qe6 23. Nd4 Qe8 24. Re1 c5 25. Qxe4 Qxe4 26. Rxe4 cxd4 27. Rxd4 Kf8 28. b4 Ke7 29. a4 Rb8 30. c5 a5 31. b5 Ke6 32. f4 g5 33. Rd6+ Ke7 34. f5 Rc8 35. f6+ Ke8 36. c6 Rb8 37. c7 Rc8 38. b6 h5 39. b7 1-0


[Site "https://www.chess.com"]

[Event "Titled Tuesday Blitz March 07 Late 2023"]
[White "Comas Fabrego, Lluis"]
[Black "Manu_ChessExcelsior"]
[WhiteFideId "2200325"]
[WhiteElo "2523"]
[BlackElo "1983"]
[Result "1-0"]
[Round "08"]
[TimeControl "180+2"]
[Date "2023.03.07"]
[WhiteClock "0:00:07"]
[BlackClock "0:00:05"]

1. Nf3 d5 2. d4 Nf6 3. c4 e6 4. cxd5 exd5 5. Nc3 a6 6. Bg5 Be6 7. e3 Nbd7 8. Bd3 Bd6 9. Qc2 Qe7 10. Bh4 c6 11. Bg3 O-O 12. Bxd6 Qxd6 13. h3 Nb6 14. O-O Nc8 15. Na4 Qe7 16. Rfc1 Nd6 17. Nc5 Bc8 18. Ne5 g6 19. b4 Bf5 20. Bxf5 Nxf5 21. a4 Nd6 22. Ncd3 Nd7 23. Nxd7 Qxd7 24. Ne5 Qe7 25. Qc5 Qe6 26. a5 f6 27. Nf3 Nc4 28. Rc2 Qd6 29. Rxc4 Qd7 30. Rc2 Rfe8 31. Qc3 Qf5 32. Rd1 g5 33. Qd3 Qe6 34. Nh2 h5 35. Nf1 Kg7 36. Nd2 f5 37. Nf3 g4 38. Ne5 Kf6 39. h4 g3 40. fxg3 Rg8 41. Nf3 Rxg3 42. Re1 Rag8 43. Ng5 Qd6 44. Rf2 R3xg5 45. hxg5+ Rxg5 46. Ref1 Kg6 47. Rf4 Qe6 48. Qe2 Rg3 49. Qf2 Qxe3 50. Qxe3 Rxe3 51. Rxf5 Re4 52. Rf6+ Kg5 53. R6f5+ Kg6 54. Rf7 Rxd4 55. Rxb7 Rc4 56. Rd1 d4 57. Kh2 Rxb4 58. Rxb4 c5 59. Rb6+ Kf5 60. Rxa6 1-0


[Site "https://www.chess.com"]

[Event "Titled Tuesday Blitz March 07 Late 2023"]
[White "Kho, Darrell"]
[Black "Gamboa, Juan Pablo"]
[WhiteFideId "1019317"]
[BlackFideId "105180"]
[WhiteElo "2159"]
[BlackElo "1860"]
[Result "1-0"]
[Round "08"]
[TimeControl "180+2"]
[Date "2023.03.07"]
[WhiteClock "0:00:27"]
[BlackClock "0:01:15"]

1. e4 e6 2. d4 d5 3. Nd2 c5 4. Ngf3 cxd4 5. Nxd4 Nf6 6. exd5 Qxd5 7. Nb5 Qe5+ 8. Be2 a6 9. Nc4 Qc5 10. Be3 Qxc4 11. Bxc4 axb5 12. Bxb5+ Bd7 13. Bxd7+ Nbxd7 14. O-O Be7 15. Qf3 O-O 16. Rfd1 b5 17. c3 Ne5 18. Qg3 Ng6 19. Qg5 Nd5 20. Qg3 Bf6 21. Bd4 Bh4 22. Qg4 f5 23. Qf3 Rfd8 24. g3 Bg5 25. Qe2 Re8 26. Qxb5 f4 27. Qd7 Re7 28. Qc6 Rae8 29. a4 fxg3 30. hxg3 Rc7 31. Qxe8+ Nf8 32. a5 Re7 33. Qxe7 Nxe7 34. a6 Nc6 35. a7 Nxa7 36. Rxa7 Bf6 37. Bxf6 gxf6 38. Rd8 1-0


[Site "https://www.chess.com"]

[Event "Titled Tuesday Blitz March 07 Late 2023"]
[White "Fedoseev, Vladimir"]
[Black "Carlsen, Magnus"]
[WhiteFideId "24130737"]
[BlackFideId "1503014"]
[WhiteElo "2752"]
[BlackElo "2852"]
[Result "1-0"]
[Round "09"]
[TimeControl "180+2"]
[Date "2023.03.07"]
[WhiteClock "0:00:13"]
[BlackClock "0:00:06"]

1. Nf3 Nf6 2. g3 b6 3. Bg2 Bb7 4. O-O g6 5. c4 Bg7 6. Nc3 O-O 7. d4 Ne4 8. Qc2 Nxc3 9. Qxc3 c5 10. e3 cxd4 11. exd4 d5 12. Ne5 e6 13. Bf4 Nc6 14. cxd5 Nxe5 15. dxe5 Bxd5 16. Rfd1 Rc8 17. Qa3 Rc5 18. b4 Rc7 19. Bxd5 exd5 20. Rd3 Rd7 21. Rad1 Qa8 22. Qb3 Rfd8 23. Bg5 Re8 24. f4 h6 25. Bh4 g5 26. fxg5 hxg5 27. Bxg5 Rxe5 28. Bf4 Re2 29. R3d2 Rxd2 30. Rxd2 d4 31. Qd3 Qd5 32. Re2 Rd8 33. h4 Rc8 34. Kh2 Bf6 35. Bd2 Kg7 36. Rf2 Re8 37. Qf1 Re6 38. Bg5 Bxg5 39. Rxf7+ Kg6 40. hxg5 Re2+ 41. Qxe2 Kxf7 42. Qh5+ Kg8 43. Qg6+ Kf8 44. Qf6+ Kg8 45. Qg6+ Kf8 46. Qf6+ Ke8 47. Qg6+ Kd7 48. Qh7+ Kc6 49. g6 Qxa2+ 50. Kh3 Qe6+ 51. g4 d3 52. g7 d2 53. Qc2+ Kb5 54. Qxd2 Qf7 55. Qg5+ Kxb4 56. g8=Q Qf3+ 57. Kh4 Qh1+ 58. Kg3 Qg1+ 59. Kf4 Qd4+ 60. Kf5 Qd3+ 61. Kf6 Qd4+ 62. Kg6 Qe4+ 63. Kh6 1-0


[Site "https://www.chess.com"]

[Event "Titled Tuesday Blitz March 07 Late 2023"]
[White "Nakamura, Hikaru"]
[Black "Bortnyk, Mykola"]
[WhiteFideId "2016192"]
[BlackFideId "14120836"]
[WhiteElo "2879"]
[BlackElo "2582"]
[Result "1/2-1/2"]
[Round "09"]
[TimeControl "180+2"]
[Date "2023.03.07"]
[WhiteClock "0:00:11"]
[BlackClock "0:00:08"]

1. Nf3 d5 2. g3 g6 3. Bg2 Bg7 4. d3 e5 5. c4 c6 6. O-O Ne7 7. Nc3 O-O 8. e4 dxc4 9. dxc4 Qxd1 10. Rxd1 Bg4 11. h3 Be6 12. b3 Na6 13. Ng5 Rfd8 14. Rxd8+ Rxd8 15. Nxe6 fxe6 16. Be3 Nc8 17. a3 Bf8 18. b4 Nb6 19. Bf1 c5 20. b5 Nc7 21. a4 a5 22. h4 Nc8 23. Rc1 b6 24. Nd1 h5 25. f3 Kh7 26. Nf2 Bh6 27. Bxh6 Kxh6 28. Nh3 Rd2 29. Ng5 Nd6 30. Rc3 Kg7 31. Bd3 Nf7 32. Nh3 Nd6 33. Nf2 Kf6 34. Bc2 Rd4 35. Bd3 Nf7 36. Kf1 Ne8 37. Ke2 Rd8 38. Rc1 Ng7 39. Rh1 g5 40. Ke3 gxh4 41. Rxh4 Ng5 42. Be2 Nf7 43. f4 Kg6 44. Nd3 Kf6 45. fxe5+ Kg5 46. Rf4 Rd7 47. g4 h4 48. Nf2 Nxe5 49. Nh3+ Kg6 50. g5 Rd4 51. Rxh4 Nxc4+ 52. Bxc4 Rxc4 53. Rh6+ Kf7 54. Rf6+ Ke7 55. Nf4 Rxa4 56. Ng6+ Kd6 57. Rf7 Ra3+ 58. Kf4 e5+ 59. Kg4 Ne6 60. Rb7 Nd4 61. Nf8 c4 62. g6 Ra1 63. Rxb6+ Kc5 64. Nd7+ Kb4 65. Rf6 Rg1+ 66. Kh3 c3 67. b6 Rh1+ 68. Kg2 Rh8 69. g7 Rg8 70. b7 Rxg7+ 71. Kf2 Rg8 72. Rf8 Rxf8+ 73. Nxf8 c2 74. b8=Q+ Kc3 75. Qc7+ Kd2 76. Qxe5 Nb3 77. Qf4+ Kc3 78. Qe3+ Kb2 79. e5 c1=Q 80. Qxc1+ Nxc1 81. e6 Nd3+ 82. Ke3 Nb4 83. Ke4 Nc6 84. Ng6 a4 85. Ne5 Ne7 86. Nd3+ Kb3 87. Nc5+ Kb4 88. Nd3+ Kb3 89. Nc5+ Kb4 90. Nd3+ Kb3 1/2-1/2


[Site "https://www.chess.com"]

[Event "Titled Tuesday Blitz March 07 Late 2023"]
[White "Firouzja, Alireza"]
[Black "Liang, Awonder"]
[WhiteFideId "12573981"]
[BlackFideId "2056437"]
[WhiteElo "2904"]
[BlackElo "2508"]
[Result "1-0"]
[Round "09"]
[TimeControl "180+2"]
[Date "2023.03.07"]
[WhiteClock "0:02:20"]
[BlackClock "0:01:52"]

1. d4 Nf6 2. c4 e6 3. a3 d5 4. e3 c5 5. cxd5 exd5 6. Nf3 Nc6 7. Nc3 Bg4 8. Be2 Bd6 9. dxc5 Bxc5 10. O-O O-O 11. b4 Bb6 12. Bb2 d4 13. Nxd4 Nxd4 14. Bxg4 Nxg4 15. Qxg4 Nc6 16. Nd5 f6 17. Rad1 1-0


[Site "https://www.chess.com"]

[Event "Titled Tuesday Blitz March 07 Late 2023"]
[White "Martinez Alcantara, Jose Eduardo"]
[Black "Vachier-Lagrave, Maxime"]
[WhiteFideId "3805662"]
[BlackFideId "623539"]
[WhiteElo "2712"]
[BlackElo "2740"]
[Result "0-1"]
[Round "09"]
[TimeControl "180+2"]
[Date "2023.03.07"]
[WhiteClock "0:00:02"]
[BlackClock "0:00:07"]

1. e4 e5 2. Nf3 Nf6 3. Nc3 Nc6 4. h3 g6 5. Bc4 Bg7 6. d3 d6 7. a3 O-O 8. Be3 Nd7 9. Qd2 Nb6 10. Ba2 Nd4 11. Bxd4 exd4 12. Ne2 d5 13. exd5 Nxd5 14. O-O c5 15. Ng3 b6 16. Rae1 Bb7 17. Re2 Qb8 18. Ne4 Nf4 19. Ree1 Qc7 20. h4 Rae8 21. Neg5 Rxe1 22. Rxe1 h6 23. Ne4 Kh8 24. Qd1 f5 25. Ned2 Bf6 26. Nc4 Kg7 27. Ncd2 g5 28. g3 Nh3+ 29. Kg2 g4 30. Rf1 Ng5 31. hxg5 hxg5 32. Rh1 gxf3+ 33. Kg1 g4 34. Nf1 Bg5 35. c3 Qe7 36. cxd4 cxd4 37. Qb3 Rd8 38. Qa4 Ba8 39. Qb5 Kg6 40. Qc4 Bd5 41. Qc2 Bxa2 42. b3 Bb1 43. Qxb1 Rc8 44. b4 Qe2 45. Qb3 Qxf1+ 46. Kh2 Qxf2# 0-1


[Site "https://www.chess.com"]

[Event "Titled Tuesday Blitz March 07 Late 2023"]
[White "Naroditsky, Daniel"]
[Black "Hakobyan, Aram"]
[WhiteFideId "2026961"]
[BlackFideId "13306677"]
[WhiteElo "2633"]
[BlackElo "2563"]
[Result "1-0"]
[Round "09"]
[TimeControl "180+2"]
[Date "2023.03.07"]
[WhiteClock "0:00:05"]
[BlackClock "0:00:03"]

1. d4 Nf6 2. Nc3 d5 3. Bf4 c5 4. e4 Nxe4 5. Nxe4 dxe4 6. dxc5 Qa5+ 7. c3 Qxc5 8. Qa4+ Nc6 9. Qxe4 g6 10. Be3 Qa5 11. Nf3 Bg7 12. Bc4 Bf5 13. Qh4 Bf6 14. Bg5 Ne5 15. Bxf6 Nxf3+ 16. gxf3 exf6 17. Qxf6 O-O 18. O-O Rac8 19. Bb3 Rc6 20. Qh4 Be6 21. Rfe1 Bxb3 22. axb3 Qd5 23. Rxa7 Qxb3 24. Qb4 Qxb4 25. cxb4 Rb6 26. Re4 Rd8 27. Re7 Rb8 28. Re4 Rd8 29. Kg2 Kf8 30. Rc4 Rd2 31. Rc7 Rxb4 32. Raxb7 Rxb7 33. Rxb7 Kg7 34. b4 Rb2 35. b5 Kf6 36. b6 h5 37. Rb8 Kf5 38. h4 Rb4 39. Kg3 f6 40. b7 Rb1 41. Kg2 Rb4 42. Kf1 Rb2 43. Ke1 Rb1+ 44. Ke2 Rb3 45. Kd2 Rb1 46. Kc2 Rb6 47. Kd3 Rb1 48. Kd4 Rb2 49. Kd5 Rb1 50. Kc6 Rc1+ 51. Kd6 Rb1 52. Ke7 Re1+ 53. Kf7 Rb1 54. Kg7 Rb2 55. Kh6 Rb1 56. Rc8 Rxb7 57. Rc5+ Kf4 58. Kxg6 Kxf3 59. Rxh5 Kxf2 60. Rf5+ Kg3 61. h5 Kg4 62. h6 Rb1 63. h7 Rh1 64. Rxf6 Rh5 65. Rf4+ Kxf4 66. Kxh5 1-0


[Site "https://www.chess.com"]

[Event "Titled Tuesday Blitz March 07 Late 2023"]
[White "Indjic, Aleksandar"]
[Black "Andreikin, Dmitry"]
[WhiteFideId "911925"]
[BlackFideId "4158814"]
[WhiteElo "2614"]
[BlackElo "2736"]
[Result "0-1"]
[Round "09"]
[TimeControl "180+2"]
[Date "2023.03.07"]
[WhiteClock "0:00:04"]
[BlackClock "0:00:04"]

1. d4 d5 2. c4 c6 3. Nf3 Nf6 4. Nc3 e6 5. Bg5 h6 6. Bxf6 Qxf6 7. Qb3 dxc4 8. Qxc4 Nd7 9. g3 e5 10. dxe5 Nxe5 11. Qe4 Bd6 12. O-O-O Bc7 13. Nxe5 Qxe5 14. f4 Qxe4 15. Nxe4 Ke7 16. Bg2 Bf5 17. Nc3 g5 18. e3 Rae8 19. Rhe1 h5 20. Ne4 g4 21. Nc5 Bc8 22. b4 h4 23. Rd2 Rd8 24. Red1 Rxd2 25. Rxd2 a5 26. a3 axb4 27. axb4 Bd6 28. Kc2 Bxc5 29. bxc5 hxg3 30. hxg3 Rh5 31. Bf1 Rxc5+ 32. Kb2 Bf5 33. Be2 b5 34. Bd1 Be6 35. Rd3 f5 36. Ra3 Rd5 37. Kc1 Kd6 38. Bc2 b4 39. Ra4 b3 40. Bb1 Rb5 41. Kb2 Rb8 42. Rd4+ Kc5 43. Kc3 b2 44. Kc2 Rb3 45. Kd2 Bd5 46. Rd3 Rxd3+ 47. Bxd3 Ba2 48. Bxf5 b1=Q 49. Bxb1 Bxb1 50. e4 Bxe4 51. Kc3 Bf5 0-1


[Site "https://www.chess.com"]

[Event "Titled Tuesday Blitz March 07 Late 2023"]
[White "Caruana, Fabiano"]
[Black "Samsonkin, Artiom"]
[WhiteFideId "2020009"]
[BlackFideId "13503111"]
[WhiteElo "2818"]
[BlackElo "2524"]
[Result "1-0"]
[Round "09"]
[TimeControl "180+2"]
[Date "2023.03.07"]
[WhiteClock "0:00:40"]
[BlackClock "0:00:03"]

1. d4 Nf6 2. c4 e6 3. Nc3 Bb4 4. e3 O-O 5. Bd3 d5 6. a3 Bxc3+ 7. bxc3 dxc4 8. Bxc4 c5 9. Ne2 Qc7 10. Ba2 e5 11. O-O Nc6 12. d5 Rd8 13. c4 Ne7 14. Bb2 b5 15. Ng3 Nf5 16. Nxf5 Bxf5 17. f3 e4 18. Bxf6 gxf6 19. cxb5 c4 20. Qd4 c3 21. fxe4 Bg6 22. Rxf6 c2 23. Rc1 Rac8 24. Rc6 Qe7 25. R1xc2 Rb8 26. a4 Bxe4 27. d6 Qh4 28. Rf2 Rf8 29. Rc7 Qg4 30. Rcxf7 1-0


[Site "https://www.chess.com"]

[Event "Titled Tuesday Blitz March 07 Late 2023"]
[White "Albornoz Cabrera, Carlos Daniel"]
[Black "Bortnyk, Olexandr"]
[WhiteFideId "3518736"]
[BlackFideId "14120828"]
[WhiteElo "2501"]
[BlackElo "2734"]
[Result "0-1"]
[Round "09"]
[TimeControl "180+2"]
[Date "2023.03.07"]
[WhiteClock "0:00:13"]
[BlackClock "0:00:21"]

1. Nf3 Nf6 2. c4 b6 3. g3 Bb7 4. Bg2 g6 5. O-O Bg7 6. d4 O-O 7. d5 a5 8. Nc3 Na6 9. e4 d6 10. Nd4 Nc5 11. Re1 e5 12. dxe6 fxe6 13. e5 Bxg2 14. Kxg2 dxe5 15. Nc6 Qxd1 16. Rxd1 e4 17. Bg5 Ng4 18. Rd2 Bxc3 19. bxc3 e3 20. Bxe3 Ne4 21. Rd4 Nxe3+ 22. fxe3 Nxc3 23. Rd7 Rf7 24. Rxf7 Kxf7 25. Rf1+ Kg7 26. Rf4 Nxa2 27. Rd4 Nb4 28. Rd7+ Kf6 29. Nd4 a4 30. g4 a3 31. h4 a2 32. g5+ Ke5 33. Nf3+ Ke4 34. Kf2 a1=Q 35. Nd2+ Kf5 36. Rf7+ Ke5 0-1


[Site "https://www.chess.com"]

[Event "Titled Tuesday Blitz March 07 Late 2023"]
[White "Lenderman, Aleksandr"]
[Black "Real_OceanStorm"]
[WhiteFideId "2021285"]
[WhiteElo "2607"]
[BlackElo "2802"]
[Result "1/2-1/2"]
[Round "09"]
[TimeControl "180+2"]
[Date "2023.03.07"]
[WhiteClock "0:01:51"]
[BlackClock "0:01:26"]

1. Nf3 Nf6 2. c4 g6 3. Nc3 c5 4. e4 d6 5. d4 cxd4 6. Nxd4 Nc6 7. Be2 Nxd4 8. Qxd4 Bg7 9. Be3 O-O 10. Qd2 Ng4 11. Bxg4 Bxg4 12. O-O Rc8 13. b3 a6 14. Bd4 Bxd4 15. Qxd4 Bd7 16. Rfd1 f6 17. Nd5 b5 18. Nb6 Rc6 19. Nxd7 Qxd7 20. cxb5 axb5 21. Qd5+ Kg7 22. Qxb5 Rfc8 23. a4 Qa7 24. Qd5 Rc2 25. Qd4 Qb7 26. Rab1 Re2 27. Qd5 Qa7 28. Qd4 Qb7 29. Qd5 Qa7 30. Qd4 Qb7 1/2-1/2


[Site "https://www.chess.com"]

[Event "Titled Tuesday Blitz March 07 Late 2023"]
[White "Kamsky, Gata"]
[Black "Melkumyan, Hrant"]
[WhiteFideId "2000024"]
[BlackFideId "13302485"]
[WhiteElo "2666"]
[BlackElo "2604"]
[Result "1-0"]
[Round "09"]
[TimeControl "180+2"]
[Date "2023.03.07"]
[WhiteClock "0:00:11"]
[BlackClock "0:00:02"]

1. e4 c6 2. d3 d5 3. Nf3 g6 4. e5 Bg4 5. Nbd2 e6 6. h3 Bxf3 7. Nxf3 Bg7 8. d4 Ne7 9. h4 c5 10. c3 h5 11. dxc5 Nd7 12. Bb5 Nc6 13. Bf4 Nxc5 14. O-O Qb6 15. Qe2 a6 16. Bxc6+ Qxc6 17. Nd4 Qc7 18. c4 Rd8 19. Rac1 Qb6 20. Bg5 Rd7 21. cxd5 Rxd5 22. Nb3 O-O 23. Be3 Rc8 24. Qc4 Bf8 25. Nxc5 Bxc5 26. b4 Bxe3 27. Qxc8+ Rd8 28. Qc7 Bd4 29. Qxb6 Bxb6 30. Rfd1 Rb8 31. Rd7 Kf8 32. g3 Ke8 33. Rd3 Bd8 34. Kg2 Be7 35. a3 Bd8 36. Kf3 Ra8 37. a4 b5 38. axb5 axb5 39. Rc5 Rb8 40. Rdc3 Kd7 41. Ra3 Bb6 42. Rc2 Ke8 43. Ke4 Bd8 44. Ra7 Bb6 45. Ra3 Bd8 46. Rca2 Rc8 47. Ra8 Rc4+ 48. Ke3 Rc3+ 49. Ke2 Ke7 50. R2a7+ Bc7 51. Rb7 Kd7 52. Rxb5 Rc2+ 53. Kf3 Rc3+ 54. Kg2 Kc6 55. Rc5+ Rxc5 56. bxc5 Bxe5 57. Rf8 f5 58. Rg8 Kxc5 59. Rxg6 Kd6 60. Rh6 Ke7 61. Rxh5 Kf7 62. g4 Kg6 63. Rg5+ Kf6 64. gxf5 exf5 65. Kf3 Bc3 66. Rg2 Bd2 67. h5 Bc1 68. Rg6+ Kf7 69. Ke2 Bf4 70. Kd3 Be5 71. Kc4 Ba1 72. Kd5 Bb2 73. Rg2 Bc3 74. f3 Ba1 75. h6 Bc3 76. h7 1-0


[Site "https://www.chess.com"]

[Event "Titled Tuesday Blitz March 07 Late 2023"]
[White "Holt, Conrad"]
[Black "Sjugirov, Sanan"]
[WhiteFideId "2034387"]
[BlackFideId "4189302"]
[WhiteElo "2592"]
[BlackElo "2569"]
[Result "0-1"]
[Round "09"]
[TimeControl "180+2"]
[Date "2023.03.07"]
[WhiteClock "0:00:02"]
[BlackClock "0:00:08"]

1. d4 Nf6 2. c4 e6 3. Nc3 Bb4 4. Qc2 d5 5. cxd5 exd5 6. Bg5 h6 7. Bxf6 Qxf6 8. a3 Bxc3+ 9. Qxc3 O-O 10. e3 c6 11. Ne2 Bf5 12. Ng3 Bg6 13. Be2 Nd7 14. O-O Qd6 15. b4 a6 16. a4 Rfc8 17. Bg4 Rc7 18. Rac1 Nb6 19. Bd1 Nc4 20. e4 a5 21. bxa5 Rxa5 22. e5 Qa3 23. Qxa3 Nxa3 24. f4 Nc4 25. f5 Bh7 26. Re1 c5 27. e6 fxe6 28. fxe6 Re7 29. dxc5 Rxc5 30. Bf3 b6 31. Rcd1 Nb2 32. Rd4 Bg6 33. Bxd5 Nxa4 34. Bb3 b5 35. Rd7 Re8 36. e7+ Kh7 37. h4 h5 38. Rd8 Rc8 39. Red1 Nc5 40. R8d7 Nxb3 41. Rb7 Nc5 42. Rxb5 Rxe7 43. Rd5 Rec7 44. Kh2 Ne6 45. Nxh5 Be8 46. Ra5 Rc5 47. Re5 Rxa5 48. Rxa5 Rc5 49. Rxc5 Nxc5 50. Nf4 Nd7 51. g3 Nf6 52. Kg2 Bd7 53. Kf3 Kg8 54. Nd3 Kf7 55. Ne5+ Ke6 0-1


[Site "https://www.chess.com"]

[Event "Titled Tuesday Blitz March 07 Late 2023"]
[White "Vazquez, Guillermo"]
[Black "Costachi, Mihnea"]
[WhiteFideId "3702308"]
[BlackFideId "1217518"]
[WhiteElo "2543"]
[BlackElo "2456"]
[Result "1-0"]
[Round "09"]
[TimeControl "180+2"]
[Date "2023.03.07"]
[WhiteClock "0:00:10"]
[BlackClock "0:00:10"]

1. b3 d5 2. Bb2 Nf6 3. Nf3 g6 4. c4 c6 5. g3 Bg7 6. Bg2 O-O 7. O-O Bf5 8. d3 Qc8 9. Re1 Bh3 10. Bh1 h6 11. Nbd2 Na6 12. Rc1 Qd8 13. a3 Rc8 14. b4 c5 15. bxc5 Nxc5 16. cxd5 Nxd5 17. Bxg7 Kxg7 18. Rc4 Nf6 19. Qa1 Be6 20. Rb4 Qa5 21. Ne5 Rc7 22. Bf3 Rfc8 23. h4 h5 24. Kg2 Kg8 25. Reb1 Na6 26. Ndc4 Bxc4 27. Nxc4 Qf5 28. Rxb7 Nc5 29. Rxc7 Rxc7 30. Rb5 Qd7 31. a4 a6 32. Rb8+ Kg7 33. a5 Ne6 34. Rb6 Nd4 35. Ne5 Qd8 36. Qa3 Nxf3 37. Nxf3 Rc2 38. Rb2 Rxb2 39. Qxb2 Qxa5 40. Qb7 Qa3 41. Nd4 Qd6 42. Nc6 Qd5+ 43. f3 e6 44. Qxa6 Nd7 45. Qc4 Nb6 46. Qc3+ Kh7 47. Ne5 Nd7 48. Nxf7 e5 49. Ng5+ Kg7 50. Ne4 Qe6 51. Qc7 Kf7 52. Nc5 Qe7 53. Qxd7 Kf8 54. Qxe7+ Kxe7 55. Ne4 g5 56. g4 hxg4 57. fxg4 gxh4 58. Kh3 Ke6 59. Kxh4 Kd5 60. g5 Kd4 61. Ng3 Ke3 62. g6 Kd4 63. g7 e4 64. dxe4 Ke3 65. g8=Q Kf4 66. Qf7+ Ke3 67. e5 Kd2 68. e4 Ke1 69. e6 1-0


[Site "https://www.chess.com"]

[Event "Titled Tuesday Blitz March 07 Late 2023"]
[White "Hambleton, Aman"]
[Black "Bluebaum, Matthias"]
[WhiteFideId "2606577"]
[BlackFideId "24651516"]
[WhiteElo "2511"]
[BlackElo "2638"]
[Result "1/2-1/2"]
[Round "09"]
[TimeControl "180+2"]
[Date "2023.03.07"]
[WhiteClock "0:00:11"]
[BlackClock "0:00:03"]

1. d4 d5 2. Bf4 c5 3. e3 Nc6 4. c3 e6 5. Nf3 Bd6 6. dxc5 Bxc5 7. Nbd2 Nf6 8. Bd3 O-O 9. O-O Re8 10. e4 Nh5 11. Bg5 f6 12. Bh4 Nf4 13. Bc2 d4 14. Nb3 Bb6 15. cxd4 Nxd4 16. Nbxd4 Bxd4 17. Nxd4 Qxd4 18. Bg3 Qxd1 19. Rfxd1 Ne2+ 20. Kf1 Nxg3+ 21. hxg3 b6 22. Bb3 Kf8 23. Ke2 Ke7 24. Rac1 Ba6+ 25. Bc4 Bxc4+ 26. Rxc4 Rec8 27. Rdc1 Rxc4 28. Rxc4 Kd7 29. Rd4+ Ke7 30. Rc4 Kd7 31. Rd4+ Kc7 32. Rc4+ Kd6 33. Rd4+ Kc6 34. Rc4+ Kb7 35. Rd4 Kc6 36. Rc4+ Kb7 37. Rd4 Kc6 1/2-1/2


[Site "https://www.chess.com"]

[Event "Titled Tuesday Blitz March 07 Late 2023"]
[White "Rorrer, Grayson"]
[Black "Keymer, Vincent"]
[WhiteFideId "30944996"]
[BlackFideId "12940690"]
[WhiteElo "2200"]
[BlackElo "2651"]
[Result "0-1"]
[Round "09"]
[TimeControl "180+2"]
[Date "2023.03.07"]
[WhiteClock "0:00:31"]
[BlackClock "0:00:11"]

1. e4 c6 2. d4 d5 3. exd5 cxd5 4. Bd3 Nf6 5. h3 Nc6 6. c3 e5 7. dxe5 Nxe5 8. Nf3 Nxd3+ 9. Qxd3 Bd6 10. O-O O-O 11. Bg5 h6 12. Bxf6 Qxf6 13. Nbd2 Bf4 14. Rad1 Rd8 15. Qd4 Qxd4 16. Nxd4 Bd7 17. Rfe1 Re8 18. Nf1 Rxe1 19. Rxe1 Re8 20. Ne3 Kf8 21. Kf1 Bc6 22. g3 Bxe3 23. fxe3 Bd7 24. h4 Ke7 25. Kf2 Kd6 26. Rd1 a6 27. c4 dxc4 28. Nf5+ Kc7 29. Nd6 Re5 30. Nxc4 Rc5 31. Rd4 Be6 32. b3 Bxc4 33. bxc4 Ra5 34. Rg4 g6 35. Rf4 f5 36. Kf3 Kd6 37. g4 Ke5 38. h5 fxg4+ 39. Kxg4 gxh5+ 40. Kxh5 Rxa2 41. Kxh6 a5 42. Rf7 Rb2 43. Kg5 a4 44. Rf5+ Ke4 45. Ra5 Rb4 46. c5 Kxe3 47. Kf5 Kd3 48. Ke5 Kc3 49. Kd6 Kb2 50. Kc7 a3 51. Ra7 a2 52. Rxb7 Rxb7+ 53. Kxb7 a1=Q 54. c6 Qh1 55. Kb6 Kb3 56. Kc5 Qh8 57. Kd6 Qc8 58. c7 0-1


[Site "https://www.chess.com"]

[Event "Titled Tuesday Blitz March 07 Late 2023"]
[White "Larino Nieto, David"]
[Black "Rasulov, Vugar"]
[WhiteFideId "2256444"]
[BlackFideId "13402390"]
[WhiteElo "2506"]
[BlackElo "2509"]
[Result "1-0"]
[Round "09"]
[TimeControl "180+2"]
[Date "2023.03.07"]
[WhiteClock "0:00:11"]
[BlackClock "0:00:12"]

1. e4 c5 2. Nc3 Nc6 3. g3 g6 4. Bg2 Bg7 5. d3 d6 6. f4 Nf6 7. h3 O-O 8. Nf3 Rb8 9. O-O b5 10. g4 b4 11. Ne2 Nd7 12. Ng3 c4 13. d4 c3 14. b3 Ba6 15. Re1 e5 16. fxe5 dxe5 17. d5 Nd4 18. Be3 Re8 19. Nxd4 exd4 20. Bxd4 Be5 21. Bxe5 Nxe5 22. Qd4 Qh4 23. Qf2 Bb5 24. Ne2 Qxf2+ 25. Kxf2 Bxe2 26. Kxe2 Kf8 27. a3 a5 28. axb4 axb4 29. Ra7 g5 30. Ke3 Ng6 31. Kd4 Nf4 32. Bf1 h5 33. Rea1 h4 34. R1a4 Kg7 35. Rd7 Ra8 36. Raa7 Rxa7 37. Rxa7 Kg6 38. e5 Rd8 39. d6 f6 40. Ra6 fxe5+ 41. Kxe5 Re8+ 42. Kd4 Re1 43. d7+ Kf7 44. d8=Q Ne6+ 45. Rxe6 Rxe6 46. Bc4 1-0


[Site "https://www.chess.com"]

[Event "Titled Tuesday Blitz March 07 Late 2023"]
[White "Goltsev, Dmitry"]
[Black "Dardha, Daniel"]
[WhiteFideId "24176710"]
[BlackFideId "240990"]
[WhiteElo "2336"]
[BlackElo "2581"]
[Result "0-1"]
[Round "09"]
[TimeControl "180+2"]
[Date "2023.03.07"]
[WhiteClock "0:00:02"]
[BlackClock "0:00:12"]

1. e4 c6 2. d4 d5 3. Nc3 dxe4 4. Nxe4 Nf6 5. Ng3 h5 6. h4 Bg4 7. Nf3 c5 8. c3 cxd4 9. Qxd4 Nc6 10. Qxd8+ Rxd8 11. Be2 e6 12. Bg5 Be7 13. O-O Nd5 14. Bxe7 Kxe7 15. Ng5 Nf4 16. f3 Nxe2+ 17. Nxe2 Bf5 18. Ng3 Bg6 19. Rad1 Ne5 20. b3 b5 21. N5e4 f6 22. Ne2 Bxe4 23. fxe4 Ng4 24. Nd4 Rc8 25. Rf3 a6 26. Ne2 Ne5 27. Rff1 Rhd8 28. Kf2 Ng4+ 29. Kg1 Ne3 30. Rxd8 Rxd8 31. Rc1 Rd2 32. Nf4 e5 33. Nd5+ Nxd5 34. exd5 Rxd5 35. Rc2 Kd6 36. Kf2 Rd1 37. g3 Kc5 38. c4 b4 39. Ke2 Rd7 40. Ke3 f5 41. Rf2 g6 42. Rf1 a5 43. Rf2 a4 44. Rd2 Rxd2 45. Kxd2 Kd4 46. Ke2 a3 47. Kd2 e4 48. Ke2 Ke5 49. Ke3 Ke6 50. Kd4 Kd6 51. Ke3 Ke5 52. Ke2 f4 53. Kf2 f3 54. Ke3 Kd6 55. Kf2 Kc6 56. Ke3 Kc5 57. Kf2 Kd4 58. Kf1 e3 59. Ke1 Kd3 60. c5 e2 61. c6 Ke3 62. c7 f2# 0-1


[Site "https://www.chess.com"]

[Event "Titled Tuesday Blitz March 07 Late 2023"]
[White "Martynov, Pavel"]
[Black "Rustemov, Alexander"]
[WhiteFideId "4101260"]
[BlackFideId "4119002"]
[WhiteElo "2314"]
[BlackElo "2873"]
[Result "0-1"]
[Round "09"]
[TimeControl "180+2"]
[Date "2023.03.07"]
[WhiteClock "0:00:23"]
[BlackClock "0:00:55"]

1. e4 e6 2. d4 d5 3. Nc3 dxe4 4. Nxe4 Bd7 5. Bd3 Bc6 6. Ne2 Nd7 7. O-O Ngf6 8. N2g3 Be7 9. c3 O-O 10. Qe2 Nxe4 11. Nxe4 Nf6 12. Re1 Qd5 13. f3 Nxe4 14. Bxe4 Qd6 15. Bxc6 Qxc6 16. Qe4 Qxe4 17. fxe4 Rad8 18. Be3 f6 19. Rad1 Kf7 20. c4 a6 21. a3 c6 22. Kf2 Rd7 23. Ke2 Bd8 24. Rd3 Bb6 25. Red1 Rfd8 26. d5 Bxe3 27. dxe6+ Kxe6 28. Rxd7 Rxd7 29. Rxd7 Kxd7 30. Kxe3 Kd6 31. b4 c5 32. Kd3 cxb4 33. axb4 b6 34. Kd4 a5 35. Kc3 h5 36. Kb3 h4 37. c5+ Kc6 38. cxb6 axb4 39. Kxb4 Kxb6 40. h3 Kc6 41. Kc4 Kd6 42. Kd4 Ke6 43. Kd3 Ke5 44. Ke3 g5 45. Kf3 Kd4 46. g3 hxg3 47. Kxg3 Kxe4 48. h4 gxh4+ 49. Kxh4 Kf3 0-1


[Site "https://www.chess.com"]